 Dungeon Crawl Stone Soup version 0.32-a0-893-gf85d74f360 (webtiles) character file.

Game seed: 11190462203191997153

1211 wilfster70 the Cleaver (level 8, -1/71 HPs)
             Began as a Mountain Dwarf Fighter on Apr 3, 2024.
             Was a Follower of Beogh.
             Slain by a wight
             ... wielding a +3 long sword of freezing
              (13 damage)
             ... on level 7 of the Dungeon.
             The game lasted 00:10:09 (5561 turns).

wilfster70 the Cleaver (Mountain Dwarf Fighter)     Turns: 5561, Time: 00:10:09

Health: -1/71      AC: 12    Str: 19    XL:     8   Next: 22%
Magic:  11/11      EV:  6    Int: 11    God:    Beogh [*.....]
Gold:   353        SH:  4    Dex:  9    Spells: 7/7 levels left

rFire   . . .        a - +0 war axe
rCold   . . .        c - +0 buckler
rNeg    . . .        f - +0 chain mail
rPois   .            q - +2 helmet
rElec   .            (no cloak)
rCorr   .            (no gloves)
SInv    .            (no boots)
Will    .....        (no amulet) Stlth
                     (no ring)
HPRegen 0.31/turn    (no ring)
MPRegen 0.12/turn

%: no passive effects
@: mighty
A: runic magic, artefact enchanting
a: Renounce Religion


You were on level 7 of the Dungeon.
You worshipped Beogh.
Beogh was aware of your devotion.
You visited 1 branch of the dungeon, and saw 7 of its levels.

You collected 353 gold pieces.

Inventory:

Hand Weapons
 a - a +0 war axe (weapon)
 b - a +0 flail
Armour
 c - a +0 buckler (worn)
 f - a +0 chain mail (worn)
 q - a +2 helmet (worn)
Jewellery
 x - an amulet of the acrobat
Wands
 n - a wand of light (7)
 s - a wand of paralysis (7)
 v - a wand of mindburst (20)
Scrolls
 e - a scroll of enchant armour {unknown}
 h - 4 scrolls of revelation
 j - a scroll of immolation
 o - a scroll of enchant weapon {unknown}
 p - 3 scrolls of poison {unknown}
 r - 3 scrolls of identify
 u - 2 scrolls of fear {unknown}
 w - a scroll of fog {unknown}
Potions
 g - 2 potions of attraction
 i - a potion of mutation
 k - a potion of curing {unknown}
 l - a potion of lignification {unknown}
 m - a potion of brilliance {unknown}
 t - a potion of resistance {unknown}


   Skills:
 + Level 6.5 Fighting
 * Level 9.1 Axes
 - Level 3.2 Armour
 - Level 3.2 Shields
 + Level 5.1 Invocations


You had 7 spell levels left.
You didn't know any spells.
Your spell library contained the following spells:

 Spells                   Type           Power      Damage    Failure   Level
 Freeze                   Ice            0%         1d3       58%         1
 Necrotise                Necr           0%         1d4       58%         1
 Lesser Beckoning         Tloc           0%         N/A       75%         2
 Frozen Ramparts          Ice            0%         1d1       92%         3
 Hailstorm                Conj/Ice       0%         3d5       92%         3
 Maxwell's Portable Pile  Tloc           0%         2d(5-13)  92%         3
 Summon Ice Beast         Ice/Summ       0%         N/A       92%         3
 Teleport Other           Tloc           0%         N/A       92%         3
 Vampiric Draining        Necr           0%         2d6       92%         3
 Martyr's Knell           Necr/Summ      0%         N/A       100%        4
 Curse of Agony           Necr           0%         N/A       100%        5
 Permafrost Eruption      Ice/Erth       0%         2x4d1     100%        6
 Sculpt Simulacrum        Ice/Alch       0%         N/A       100%        6


Dungeon Overview and Level Annotations

Branches:
Dungeon (7/15)
 Temple: D:4-7

Altars:
Ashenzari
Kikubaaqudgha
Ru
Trog
Uskayaw
Vehumet

Shops:
D:6 [

Annotations:
D:3 1 runed translucent door, Domino's ghost, amateur MDFi
D:5 exclusion: downstairs
D:6 Jeremiah


Innate Abilities, Weirdness & Mutations

Your spellcasting is much less encumbered by armour.
You can use scrolls of enchantment on lesser artefacts.


Message History

The ice beast hits you but does no damage. x2
You closely miss the ice beast.
The ice beast is heavily wounded.
The ice beast hits you but does no damage.
You barely miss the ice beast.
The ice beast is heavily wounded.
The ice beast hits you but does no damage.
You barely miss the ice beast.
The ice beast is heavily wounded.
The ice beast hits you but does no damage.
You slash the ice beast!
You kill the ice beast!
Beogh accepts your kill.
Your life force feels restored.
You feel very mighty all of a sudden. The wight hits you but does no damage.
You closely miss the wight.
The wight hits you but does no damage. x2
You slash the wight!
You destroy the wight!
Beogh accepts your kill.
Your Axes skill increases to level 9!
Your Invocations skill increases to level 5!
You barely miss the wight. The wight hits you with a +4 battleaxe!
You hit the wight.
The wight is moderately damaged.
The wight hits you with a +4 battleaxe!
* * * LOW HITPOINT WARNING * * *
You feel drained.
* * * LOW HITPOINT WARNING * * *
You hit the wight.
The wight is severely damaged.
You block the wight's attack. The wight hits you but does no damage.
You slice the wight!!
You destroy the wight!
Beogh accepts your kill.
Your life force feels restored.
You slash the wight!
The wight is heavily damaged.
The wight hits you with a +3 long sword of freezing!
You die...

..........# #.....####..
#........# #.......###.
#z)...# .##........##.
..## #...# #............#.
.....##.###
#...........### #....##
#.###..##..## #
##....####..# ##....## ##
#...#..##..# ##..## #.
#..###.z@.# ###..#####.
...# ##.##.#####......##..
...# #..##.......#......##
##..
##.#..)...####..###.## #.
###.........# #..# ##.#
..#........#..## #..# #.#
...........#...###.## #..
.............)..##.# ###..
............###....###..##


You could see a wight.

Vanquished Creatures
  A steam dragon (D:7)
  An ice beast (D:7)
  An ogre (D:4)
  A centaur (D:5)
  A phantom (D:7)
  Blork the orc (D:5)
  A bullfrog (D:7)
  A scorpion (D:5)
  2 wights (D:7)
  A bombardier beetle (D:5)
  3 jellies
  2 orc priests (D:7)
  An iguana (D:5)
  3 orc wizards
  7 adders
  A shadow imp (D:7)
  A white imp (D:5)
  5 ribbon worms
  12 orcs
  9 ball pythons
  3 bats
  8 endoplasms
  A giant cockroach (D:2)
  9 goblins
  10 hobgoblins
  4 jackals
  11 kobolds
  2 quokkas (D:2)
  4 frilled lizards
  4 rats
111 creatures vanquished.

Vanquished Creatures (others)
  A dart slug (D:4)
  2 orcs (D:7)
3 creatures vanquished.

Grand Total: 114 creatures vanquished

Notes
Turn   | Place    | Note
-------+----------+-------------------------------------------
     0 | D:1      | wilfster70 the Mountain Dwarf Fighter began the quest for
                  | the Orb.
     0 | D:1      | Reached XP level 1. HP: 19/19 MP: 1/1
   265 | D:1      | Reached skill level 3 in Axes
   267 | D:1      | Reached XP level 2. HP: 25/26 MP: 2/2
   571 | D:1      | Reached XP level 3. HP: 30/33 MP: 3/3
   899 | D:2      | Reached skill level 4 in Axes
  1471 | D:2      | Reached XP level 4. HP: 33/40 MP: 4/4
  1740 | D:3      | Found a runed translucent door.
  1740 | D:3      | Noticed Domino's ghost (amateur MDFi)
  1869 | D:3      | Found a broken altar of Ashenzari.
  2061 | D:3      | Reached skill level 5 in Axes
  2731 | D:4      | Reached XP level 5. HP: 39/47 MP: 5/5
  2778 | D:4      | Became a worshipper of Beogh the Shepherd
  3128 | D:4      | Reached skill level 1 in Invocations
  3138 | D:4      | Noticed an ogre
  3146 | D:4      | Killed an ogre
  3147 | D:4      | Reached skill level 5 in Fighting
  3147 | D:4      | Reached skill level 6 in Axes
  3147 | D:4      | Reached XP level 6. HP: 11/56 MP: 5/7
  3568 | D:5      | Entered Level 5 of the Dungeon
  3759 | D:5      | Found a bloodstained altar of Trog.
  3789 | D:5      | Noticed Blork the orc
  3798 | D:5      | Killed Blork the orc
  3946 | D:5      | Reached * piety under Beogh
  3947 | D:5      | Reached skill level 7 in Axes
  3950 | D:5      | Reached XP level 7. HP: 15/61 MP: 9/9
  4214 | D:5      | Found a radiant altar of Vehumet.
  4214 | D:5      | Found a hide-covered altar of Uskayaw.
  4214 | D:5      | Found a sacrificial altar of Ru.
  4664 | D:6      | Noticed Jeremiah
  4667 | D:6      | Found Junaej's Armour Shoppe.
  5055 | D:7      | Reached skill level 8 in Axes
  5102 | D:7      | Found an ancient bone altar of Kikubaaqudgha.
  5275 | D:7      | Noticed a steam dragon
  5282 | D:7      | Killed a steam dragon
  5283 | D:7      | Reached XP level 8. HP: 28/70 MP: 11/11
  5557 | D:7      | Reached skill level 9 in Axes
  5557 | D:7      | Reached skill level 5 in Invocations
  5561 | D:7      | Slain by a wight

Illustrated notes

Levels and vault maps discovered:
D:1:      minmay_arrival_widening_spiral_wide, layout_basic
D:2:      layout_loops_ring
D:3:      layout_basic, lemuel_coloured_pillars_altar,
          ebering_ghost_inner_flame, st_stairs_2, chequers_serial_rivers_micro_e
D:4:      layout_basic
D:5:      layout_cave_pods, chequers_temple_overflow_statue_of_worship,
          mainiacjoe_overflow_alcove_1, serial_column_ruins, column_ruins_hut,
          column_ruins_hut_ruined, column_ruins_open_tiny,
          column_ruins_open_small_water, column_ruins_open_tiny,
          column_ruins_grid_3, uniq_blork_the_orc
D:6:      layout_rooms, slow_altar_1, mainiacjoe_overflow_paths, serial_shops,
          shop, hex_intersection, minmay_gold_behind_fungi, chequers_avenue,
          minmay_unpleasant_kobolds, uniq_jeremiah
D:7:      layout_layer_cave, mainiacjoe_overflow_catwalk,
          mainiacjoe_overflow_two_lobes, minmay_temple_entry_overgrown,
          uniq_maggie

Skill      XL: |  1  2  3  4  5  6  7  8 |
---------------+-------------------------+-----
Axes           | 3 4 5 6 7 8 9 |  9.1
Fighting       | 4 5 6 |  6.5
Invocations    | 1 3 4 5 |  5.1
Armour         | |  3.2
Shields        | |  3.2

Action                     |  1- 3 |  4- 6 |  7- 9 || total
---------------------------+-------+-------+-------++-------
  Melee: War axe           |   114 |   176 |   118 ||   408
 Invoke: Convert to Beogh  |       |     1 |       ||     1
    Use: Scroll            |     3 |     1 |       ||     4
         Potion            |       |       |     1 ||     1
 Armour: Chain mail        |   101 |   149 |   119 ||   369
  Dodge: Dodged            |    34 |    48 |    36 ||   118
  Block: Buckler           |    22 |    33 |    21 ||    76

Table legend: (Time is in decaauts)
 A = Elapsed time spent in this place.
 B = Non-inter-level travel time spent in this place.
 C = Inter-level travel time spent in this place.
 D = Time resting spent in this place.
 E = Time spent auto-exploring this place.
 F = Levels seen in this place.
 G = Mean time per level.
                   A        B        C        D        E       F      G
               +--------+--------+--------+--------+--------+-----+--------+
         Total |   5663 |   5436 |    227 |    910 |   2627 |   7 |  809.0 |
       Dungeon |   5663 |   5436 |    227 |    910 |   2627 |   7 |  809.0 |
               +--------+--------+--------+--------+--------+-----+--------+

Top non-repeatable levels by time:
     D:5: 1374 daAuts
     D:3: 1118 daAuts
     D:4: 939 daAuts
     D:1: 887 daAuts
     D:2: 699 daAuts
     D:7: 606 daAuts
     D:6: 36 daAuts
